 Dungeon Crawl Stone Soup version 0.22-a0-750-ga7dcef7 (webtiles) character file.

53 Amnesiac the Digger (level 3, -2/24 HPs)
             Began as a Demonspawn Earth Elementalist on July 16, 2018.
             Slain by an orc
             ... wielding a +0 falchion
              (7 damage)
             ... on level 3 of the Dungeon.
             The game lasted 00:01:36 (1025 turns).

Amnesiac the Digger (Demonspawn Earth Elementalist) Turns: 1025, Time: 00:01:37

Health: -2/24      AC:  2    Str:  8    XL:     3   Next: 62%
Magic:  5/6        EV: 12    Int: 17    God:
Gold:   25         SH:  0    Dex: 13    Spells: 6/7 levels left

rFire    . . .     SeeInvis .   a - +0 dagger (venom)
rCold    . . .     Gourm    .   (no shield)
rNeg     . . .     Faith    .   c - +0 robe
rPois    .         Spirit   .   (no helmet)
rElec    .         Reflect  .   (no cloak)
rCorr    .         Harm     .   (no gloves)
MR       .....                  (no boots)
Stlth    ++........             (no amulet)
HPRegen  0.08/turn              (no ring)
MPRegen  0.10/turn              (no ring)

@: drained
A: spiny 1
a: no special abilities


You were on level 3 of the Dungeon.
You were not hungry.

You visited 1 branch of the dungeon, and saw 3 of its levels.

You collected 25 gold pieces.

Inventory:

Hand Weapons
 a - a +0 dagger of venom (weapon)
 b - a +1 dagger of draining
Missiles
 h - 25 stones (quivered)
Armour
 c - a +0 robe (worn)
Scrolls
 f - a scroll of fog {!r, unknown}
 g - a scroll of remove curse {!r, unknown}
Potions
 e - a potion of heal wounds {!q, unknown}
Comestibles
 d - 2 rations
 i - a chunk of flesh


   Skills:
 - Level 1.7(1.4) Dodging
 - Level 2.0(1.6) Stealth
 + Level 2.6(2.2) Spellcasting
   Level 0.8(0.5) Transmutations
 * Level 3.7(3.4) Earth Magic


You had 6 spell levels left.
You knew the following spells:

 Your Spells              Type           Power        Failure   Level  Hunger
a - Sandblast             Erth           ##....       4%          1    #......

Your spell library contained the following spells:

 Spells                   Type           Power        Failure   Level  Hunger
 Stone Arrow              Conj/Erth      #.....       28%         3    ###....
 Passwall                 Tmut/Erth      #.......     13%         2    ###....
 Lee's Rapid Deconstruct  Erth           ##........   78%         5    ######.
 Petrify                  Tmut/Erth      #.......     63%         4    #####..


Dungeon Overview and Level Annotations

Branches:
Dungeon (3/15)

Altars:
Wu Jian


Innate Abilities, Weirdness & Mutations

You are partially covered in sharp spines.


Message History

You climb downwards.
There is a stone staircase leading up here.
The ooze quivers.
You hit the ooze but do no damage. The ooze hits you.
You hit the ooze but do no damage. The ooze hits you.
You hit the ooze but do no damage. The ooze barely misses you.
You hit the ooze.
The ooze is lightly wounded.
The ooze closely misses you.
You hit the ooze.
The ooze is poisoned.
The ooze is moderately wounded.
The ooze is struck by your spines. The ooze hits you.
You hit the ooze.
The ooze is almost dead.
You kill the ooze!
No target in view!
You start resting.
An orc comes into view.
The orc shouts!
You hear a shout! x2
You closely miss the orc. The orc hits you.
An orc comes into view. It is wielding a falchion.
You closely miss the orc. The orc misses you.
The orc shouts!
You hit the orc but do no damage.
You are feeling hungry.
The orc closely misses you.
An orc comes into view. It is wielding a mace.
You barely miss the orc. The orc is struck by your spines.
The orc closely misses you.
You barely miss the orc.
The orc is moderately wounded.
The orc is struck by your spines. The orc closely misses you.
You hit the orc.
You kill the orc!
Eat one of 2 chunks of flesh? (ye/n/q)
You eat one of the 2 chunks of flesh.
This raw flesh tastes terrible.
You hit the orc but do no damage.
The orc is poisoned.
The orc hits you with a mace.
You barely miss the orc. The orc hits you with a mace.
* * * LOW HITPOINT WARNING * * *
You hit the orc but do no damage.
The orc looks even sicker.
The orc misses you.
You barely miss the orc.
The orc is heavily wounded.
The orc is struck by your spines. The orc hits you but does no damage.
You completely miss the orc.
The orc is almost dead.
You hit the orc.
You kill the orc!
A giant cockroach comes into view.
You barely miss the orc. You closely miss the orc. The orc closely misses you.
You barely miss the orc. The orc hits you with a falchion!
* * * LOW HITPOINT WARNING * * *
You are too injured to fight recklessly!
Casting: Sandblast (safe; 4% risk of failure)
Confirm with . or Enter, or press ? or * to list all spells.
Aiming: Sandblast (safe; 4% risk of failure)
Press: ? - help, Shift-Dir - straight line, f - orc
Aim: an orc, wielding a falchion The blast of sand misses the orc.
h - 25 stones The orc is struck by your spines.
The orc hits you with a falchion!
You die...

....#.. #<........#
######.######.....#
.# #...<.# .#
#....## .# #....#
.# #..#.# #o##)#
#..#o# #o##@#
..##.# ..##.#
......# ##.#### #.#


You could see an orc.

Vanquished Creatures
  An adder (D:2)
  An ooze (D:3)
  3 dart slugs
  A leopard gecko (D:1)
  2 orcs (D:3)
  3 bats (D:1)
  2 goblins (D:1)
  3 hobgoblins
  4 jackals (D:1)
  5 kobolds
  2 frilled lizards
  2 rats (D:1)
29 creatures vanquished.

Notes
Turn   | Place    | Note
-------+----------+-------------------------------------------
     0 | D:1      | Amnesiac the Demonspawn Earth Elementalist began the quest for the Orb.
     0 | D:1      | Reached XP level 1. HP: 13/13 MP: 3/3
    98 | D:1      | Reached skill level 3 in Earth Magic
   118 | D:1      | Gained mutation: You are partially covered in sharp spines. [demonic ancestry]
   118 | D:1      | Reached XP level 2. HP: 6/19 MP: 1/5
   815 | D:2      | Reached XP level 3. HP: 24/24 MP: 6/6
   821 | D:2      | Found an ornate altar of the Wu Jian Council.
  1025 | D:3      | Slain by an orc

Vault maps used:
D:1:      lightli_iron_boxes
D:2:      nicolae_overflow_crystal_walls, lemuel_coloured_pillars_altar,
          uniq_jessica
D:3:      okawaru_gym_becter, serial_co_window_serial, co_window_paths_a,
          co_window_paths_b, co_window_paths_a, co_window_of_opportunity_a,
          co_window_paths_a, co_window_broadway_b, co_window_2corner,
          co_window_broadway_c, co_window_4corner_a, co_window_paths_e,
          glass_columns_b, uniq_crazy_yiuf_cottage, uniq_robin

Skill      XL: |  1 |
---------------+----+-----
Stealth        | 2 |  2.0
Earth Magic    | 3 |  3.7
Dodging        | |  1.7
Spellcasting   | |  2.6
Transmutations | |  0.8

Action                   || total
-------------------------++-------
Melee: Dagger            ||    68
 Cast: Sandblast         ||    13
 Stab: Sleeping          ||     2
  Eat: Chunk             ||     1
Armor: Robe              ||     4
Dodge: Dodged            ||    42

Table legend:
 A = Spawn XP
 B = Non-spawn XP
 C = Spawn XP percentage of total XP
 D = Spawn monster count
 E = Non-spawn monster count
 F = Spawn count percentage of total count
 G = Total turns spent on level
                    A         B        C        D         E        F      G
               +---------+---------+-------+---------+---------+-------+---------
         Total |       0 |      76 |   0.0 |       0 |      29 |   0.0 |  1025
               +---------+---------+-------+---------+---------+-------+---------
           D:1 |       0 |      38 |   0.0 |       0 |      19 |   0.0 |   814
           D:2 |       0 |      24 |   0.0 |       0 |       6 |   0.0 |   120
           D:3 |       0 |      14 |   0.0 |       0 |       4 |   0.0 |    91
               +---------+---------+-------+---------+---------+-------+---------
